Cogmind - Beta 11.1 @@@ ROGUE MODE // 2022.05.13 @ 03:12:53 Player: Olga Result: Destroyed by C-17 Slicer with Blade Saw Performance ------------- Evolutions (2) 1000 Regions Visited (3) 600 Robots Destroyed (14) 70 Value Destroyed (175) 175 Prototype IDs (0) 0 Alien Tech Used (0) 0 Bonus (202) 202 TOTAL SCORE: 2047 Bonus ------- Pacifist 200 High Alert Combat Kills 2 Cogmind --------- Core Integrity 0/550 Matter 161/300 Energy 92/100 System Corruption 0% Temperature Cool (9) Movement Core (50) Location -8/Materials Parts ------- > --- POWER (1) -------- (None) > --- PROPULSION (6) --- (None) > --- UTILITY (2) ------ (None) > --- WEAPON (2) ------- Mini Grenade Launcher > --- INVENTORY (5) ---- Light Nuclear Core Seismic Detector Peak State ------------ > --- POWER ------------ (None) > --- PROPULSION ------- Flight Unit Flight Unit > --- UTILITY ---------- Reaction Control System > --- WEAPON ----------- (None) > --- INVENTORY -------- Light Nuclear Core Mini Grenade Launcher [Rating: 5] Favorites ----------- Power None Propulsion Flight Unit Flight Unit Flight Unit Utility Reaction Control System Device Reaction Control System Weapon Mini Grenade Launcher Launcher Mini Grenade Launcher Build | -11 -10 -9 -8 ------- Run | Scr Mat Mat Mat Slots Evolved 4 | . . 2 2 Power . | . . . . Propulsion 4 | . . 2 2 Utility . | . . . . Weapon . | . . . . Parts Attached 9 | . . 2 7 Power . | . . . . Engine . | . . . . Core . | . . . . Reactor . | . . . . Propulsion 3 | . . . 3 Treads . | . . . . Leg . | . . . . Wheel . | . . . . Hover . | . . . . Flight 3 | . . . 3 Utility 1 | . . . 1 Device 1 | . . . 1 Storage . | . . . . Processor . | . . . . Hackware . | . . . . Protection . | . . . . Artifact . | . . . . Weapon 5 | . . 2 3 Energy Gun . | . . . . Energy Cannon . | . . . . Ballistic Gun . | . . . . Ballistic Cannon . | . . . . Launcher 5 | . . 2 3 Special Weapon . | . . . . Impact Weapon . | . . . . Slashing Weapon . | . . . . Piercing Weapon . | . . . . Special Melee Weapon . | . . . . Unidentified Prototypes . | . . . . Parts Lost 4 | . . . 4 Power . | . . . . Propulsion 3 | . . . 3 Utility 1 | . . . 1 Weapon . | . . . . Highest Loss Streak 3 | . . . 3 To Critical Strikes . | . . . . Average Slot Usage (%) 9 | . . 3 13 Flight 5 | . . . 9 Device 1 | . . . 2 Launcher 2 | . . 3 1 Naked Turns 101 | . 16 51 34 Heaviest Build 1 | . . 1 1 Greatest Support 8 | 3 3 3 8 Greatest Overweight (x) . | . . . . Average Overweight (x) . | . . . . Largest Inventory Capacity 5 | 5 5 5 5 Average Capacity 5 | 5 5 5 5 Most Carried 4 | 4 . 1 3 Average Carried 1 | 2 . . 1 Final Capacity 5 | 5 5 5 5 Final Carried 2 | . . 1 2 Class Distribution -------------------- 100% | Mutant Dominant Class ---------------- Mutant | -9/Materials Mutant | -8/Materials Resources | -11 -10 -9 -8 ----------- Run | Scr Mat Mat Mat Matter Collected 221 | 200 . 3 18 Remotely . | . . . . Salvage Created 79 | . . 18 61 Parts 23 | . . 3 20 Haulers Intercepted . | . . . . Recyclers Shooed . | . . . . Parts Field Recycled . | . . . . Retrieved Matter . | . . . . Parts Self-Destructed . | . . . . Prevented . | . . . . Kills | -11 -10 -9 -8 ------- Run | Scr Mat Mat Mat Combat Hostiles Destroyed 13 | . . 4 9 AOE 13 | . . 4 9 Classes Destroyed 2 | . . 1 1 Watcher 1 | . . . 1 Swarmer 13 | . . 4 9 Best Kill Streak 5 | . . 4 5 Combat Bots Only 4 | . . 4 4 Max Kills in Single Turn 4 | . . 4 4 Gunslinging . | . . . . Exploded 4 | . . 4 4 Melee . | . . . . Uniques/NPCs Destroyed . | . . . . Combat | -11 -10 -9 -8 -------- Run | Scr Mat Mat Mat Damage Taken 772 | . . 141 631 Core 710 | . . 141 569 Absorbed by Shields . | . . . . Core Remaining (%) 88 | 100 100 64 . Volleys Fired 9 | . . 4 5 Largest 1 | . . 1 1 Hottest 30 | . . 30 30 Shots Fired 9 | . . 4 5 Gun . | . . . . Cannon . | . . . . Launcher 9 | . . 4 5 Special . | . . . . Kinetic . | . . . . Thermal . | . . . . Explosive 9 | . . 4 5 Electromagnetic . | . . . . Robot Hit Streak 1 | . . . 1 Robot Miss Streak 1 | . . . 1 Penetration Max . | . . . . Secondary Targets . | . . . . Shots Hit Robots 1 | . . . 1 Core Hits 17 | . . 4 13 Critical Kills . | . . . . Critical Parts Destroyed . | . . . . Critical Strikes . | . . . . Melee Attacks . | . . . . Impact . | . . . . Slashing . | . . . . Piercing . | . . . . Sneak Attacks . | . . . . Combat Hostiles . | . . . . Follow-up Attacks . | . . . . Damage Inflicted 862 | . . 175 687 Guns . | . . . . Cannons . | . . . . Explosions 862 | . . 175 687 Melee . | . . . . Ramming . | . . . . Kinetic . | . . . . Thermal . | . . . . Explosive 862 | . . 175 687 Electromagnetic . | . . . . Impact . | . . . . Slashing . | . . . . Piercing . | . . . . Highest Corruption . | . . . . Average Corruption . | . . . . Corruption Purged . | . . . . Corruption Blocked . | . . . . Overload Shots . | . . . . Overflow Damage 12 | . . . 12 Projectiles . | . . . . Explosions 12 | . . . 12 Melee . | . . . . Knockbacks . | . . . . Impact . | . . . . Kinetic . | . . . . Secondary . | . . . . Self-Inflicted Damage 48 | . . . 48 Shots 1 | . . . 1 Rammed . | . . . . Targets Rammed . | . . . . Kicked . | . . . . Crushed . | . . . . Highest Temperature 2 | . . 2 . Average Temperature 2 | . . 2 . Received Heat Transfer 117 | . . 36 81 Siege Activations . | . . . . Robots Corrupted . | . . . . Combat Hostiles . | . . . . Parts Fried . | . . . . Impact Corruptions . | . . . . Robots Melted . | . . . . Combat Hostiles . | . . . . Parts Melted . | . . . . Heat Transferred . | . . . . Parts Sabotaged . | . . . . Parts Stolen . | . . . . Parts Stripped . | . . . . Power Chain Reactions . | . . . . Missiles Intercepted . | . . . . Alert | -11 -10 -9 -8 ------- Run | Scr Mat Mat Mat Peak Influence 442 | . . 194 442 Initial 81 | . . . 81 Average 208 | . . 115 285 Maximum Alert Level 2 | . . . 2 Low Security (%) 49 | 100 100 100 16 Level 1 36 | . . . 61 Level 2 13 | . . . 22 Level 3 . | . . . . Level 4 . | . . . . Level 5 . | . . . . High Security . | . . . . Max Security . | . . . . Squads Dispatched 4 | . . 1 3 Investigation 2 | . . . 2 Extermination . | . . . . Reinforcement 2 | . . 1 1 Assault . | . . . . Garrison . | . . . . Intercept . | . . . . Searches Triggered . | . . . . Construction Impeded . | . . . . Haulers Reinforced . | . . . . Active Scanning Responses . | . . . . Cargo Convoy Interrupts . | . . . . Stealth | -11 -10 -9 -8 --------- Run | Scr Mat Mat Mat Distress Signals 4 | . . 1 3 Communications Jammed . | . . . . Distress Signals . | . . . . Times Spotted 32 | . . 8 24 Peak Tracking Total 10 | . . 5 10 Tactical Retreats 1 | . . . 1 Traps | -11 -10 -9 -8 ------- Run | Scr Mat Mat Mat Traps Triggered 1 | . . 1 . Indirectly . | . . . . Trap Hack Attempts . | . . . . Triggered . | . . . . Disarmed . | . . . . Reprogrammed . | . . . . Reused . | . . . . Traps Extracted . | . . . . Installed . | . . . . Triggered . | . . . . Machines | -11 -10 -9 -8 ---------- Run | Scr Mat Mat Mat Machines Disabled 2 | . . . 2 Max in Single Turn 2 | . . . 2 Machines Sabotaged . | . . . . Garrisons Compromised . | . . . . Overloaded Fab Kills . | . . . . Hacking | -11 -10 -9 -8 --------- Run | Scr Mat Mat Mat Machines Accessed 7 | . . 3 4 Terminals 7 | . . 3 4 Fabricators . | . . . . Repair Stations . | . . . . Recycling Units . | . . . . Scanalyzers . | . . . . Garrison Access . | . . . . Total Hacks 21 | . . 10 11 Successful 8 | . . 4 4 Failed 13 | . . 6 7 Catastrophic 6 | . . 3 3 Database Lockouts . | . . . . Manual 18 | . . 7 11 Terminals 21 | . . 10 11 Fabricators . | . . . . Repair Stations . | . . . . Recycling Units . | . . . . Scanalyzers . | . . . . Garrison Access . | . . . . Terminal Hacks 3 | . . 2 1 Level Access Points 1 | . . 1 . Terminal Index 2 | . . 1 1 Fabricator Hacks . | . . . . Repair Station Hacks . | . . . . Recycling Unit Hacks . | . . . . Scanalyzer . | . . . . Garrison Access Hacks . | . . . . Unauthorized Hacks 5 | . . 2 3 Terminals 5 | . . 2 3 Botnet 5 | . . 2 3 Fabricators . | . . . . Repair Stations . | . . . . Recycling Units . | . . . . Scanalyzers . | . . . . Garrison Access . | . . . . Data Cores Recovered . | . . . . Used . | . . . . Hacking Detections 6 | . . 2 4 Full Trace Events 3 | . . 1 2 Feedback Events . | . . . . Feedback Blocked . | . . . . Robot Schematics Acquired . | . . . . Robots Built . | . . . . Authchips . | . . . . Time . | . . . . Total Robot Build Rating . | . . . . Part Schematics Acquired . | . . . . Parts Built . | . . . . Authchips . | . . . . Time . | . . . . Total Part Build Rating . | . . . . Parts Repaired . | . . . . Time . | . . . . Parts Recycled . | . . . . Recycled Matter . | . . . . Retrieved Matter . | . . . . Retrieved Components . | . . . . Parts Scanalyzed . | . . . . Part Schematics Acquired . | . . . . Parts Damaged . | . . . . Bothacking | -11 -10 -9 -8 ------------ Run | Scr Mat Mat Mat Used RIF Installer . | . . . . Robots Hacked . | . . . . Non-combat . | . . . . Combat . | . . . . Robot Hacks Applied . | . . . . Relay Couplers Released . | . . . . Fabnet Peak Effective % . | . . . . Robots Rewired . | . . . . Allies Hacked . | . . . . Hacks Repelled . | . . . . Allies | -11 -10 -9 -8 -------- Run | Scr Mat Mat Mat Total Allies . | . . . . Largest Group . | . . . . Highest-Rated Group . | . . . . Highest-Rated Ally . | . . . . Total Orders . | . . . . Ally Attacks . | . . . . Total Damage . | . . . . Kills . | . . . . Allies Corrupted . | . . . . Allies Melted . | . . . . Intel | -11 -10 -9 -8 ------- Run | Scr Mat Mat Mat Robot Analysis Total . | . . . . Derelict Logs Recovered . | . . . . Drone Launches . | . . . . Drone Recoveries . | . . . . Exploration | -11 -10 -9 -8 ------------- Run | Scr Mat Mat Mat Turns Passed 241 | 3 16 77 145 Spaces Moved 465 | 1 32 130 302 Core 237 | 1 32 130 74 Treads . | . . . . Legs . | . . . . Wheels . | . . . . Hover . | . . . . Flight 228 | . . . 228 Fastest Speed 37 | 50 50 50 37 Average Speed 44 | 50 50 50 41 Slowest Speed 50 | 50 50 50 50 Overloaded Moves . | . . . . Propulsion Burnouts . | . . . . Robots Hopped 1 | . . . 1 Cave-ins Triggered . | . . . . Exploration Rate (%) 17 | 2 11 19 38 Regions Visited 3 Branch Regions . Pre-discovered Areas . | . . . . Known Exits Taken 1 | . . 1 . Unknown Exits Taken 2 | 1 1 . . Scrap Searched . | . . . . Spaces Dug . | . . . . Terrain Destroyed 82 | . . 43 39 Melee . | . . . . Projectile . | . . . . AOE 82 | . . 43 39 Terrain Rammed . | . . . . Walls Destroyed . | . . . . Machines Disabled . | . . . . Actions | -11 -10 -9 -8 --------- Run | Scr Mat Mat Mat Total 491 | 5 31 138 317 Wait . | . . . . Move 460 | . 31 129 300 Hop 1 | . . . 1 Pick Up 3 | . . 1 2 Fast Attach 4 | . . . 4 Attach 5 | . . 2 3 Detach 4 | . . 2 2 Swap . | . . . . Drop 5 | 5 . . . Fire 9 | . . 4 5 Melee . | . . . . Ram . | . . . . Kick . | . . . . Crush . | . . . . Escape Stasis . | . . . . Rewire . | . . . . Trap . | . . . . Miscellaneous . | . . . . Route ------- -11/Scrapyard -10/Materials -9/Materials (discovered 3 exits: *Mat x3) -8/Materials History --------- Turn | Location | Event 1 | -11/Scrapyard | Released all parts (6) 4 | -11/Scrapyard | Discovered new exit (range 0) 4 | -11/Scrapyard | Entered Materials 15 | -10/Materials | Discovered new exit (range 11) 20 | -10/Materials | Entered another Materials area 20 | -9/Materials | Evolved 2 slots: Propulsion x2 57 | -9/Materials | Identified exit to Materials 97 | -9/Materials | Entered another Materials area 97 | -8/Materials | Evolved 2 slots: Propulsion x2 184 | -8/Materials | Core integrity fell below 50% 240 | -8/Materials | Core integrity fell below 20% 242 | -8/Materials | Destroyed by C-17 Slicer with Blade Saw Last Messages --------------- >>Trojan(Botnet) Trojan loaded successfully. Testing... Terminal linked with 2 systems. Awaiting botnet instructions. 00198_ ALERT: Suspicious activity at Terminal M008. Dispatching Investigation squad. 00199_ Acquired Reaction Control System. 00202_ K-01 Serf collects debris. 00202_ Acquired Seismic Detector. 00231_ Purification Channel disabled. 00234_ Connecting with Terminal... 00234_ ALERT: Suspicious activity at Terminal M009. Dispatching Investigation squad. 00234_ Reaction Control System destroyed. 00235_ ALERT: Suspicious intruders detected, dispatching Cutter reinforcements to area. 00237_ Flight Unit destroyed. 00242_ S-10 Pest destroyed. 00242_ Flight Unit destroyed. Map ----- +----------------------------------------------------+ | ?????????????????????????# ## #+####??????????? | | ???????????????????#####?# #??????????? | | ??????????????????? # #??????????? | | ???????????????????? """ # % #??????????? | | ??????########?????? """ / #??????????? | | ???#### # ## ##????? """ # #??????????? | | ???? / #??????????# %###+#########?????? | | ????### " #+#???????## *%## #???? | | ????# """ # #???????# =%! # [[! #???? | | #+### S"%# ######## = ! # [=! #???? | | * # # [=! [ #???? | | """"" [ + H # = #???? | | """"% ##############???? | | """%%% *% ####### +## k #????????????????? | | """"" #!//!| #????"" ## #????????????????? | | """"" #!// #???""S #### ###????????????????? | | #!/ #?? "" #??# #??????????????????? | | "T""" ######+##?# #??# #??????????????????? | | #######"T"## #??? #??# ########???????????? | | ##?? ####k #???????????? | | ^ [ T#?##+###### ##??????????? | | """"" ##### g s w ?????????? | | """"" g * s #???????????? | | " """ % #???????????? | | c #????????????? | | = c@c #????????????? | | #+######## #???????????? | | ??????######### ## ##???????????? | | ??????????????####### #####???? ??????????? | | [[= ???????????????????##????????????? #?????????? | | [[= ?????????????????????????????????????????????? | | [[= ????????????????????????????????????????????? | | #####????????????????????????????????????????????? | | | | | | | | | | | | | | | | | | | | | | | | | | | | | | | | | | | +----------------------------------------------------+ Best States ------------- Heat Dissipation 31 Energy Generation 5 Energy Capacity 100 Matter Stores 300 Matter Capacity 300 Sight Range 16 Terrain Scan Density 10 Evasion (%) 70 Item Schematics ----------------- None Robot Schematics ------------------ None Fabricated ------------ Nothing Alien Tech Used ----------------- None Achievements -------------- None Challenges ------------ None Game ------ Seed WardroneCoilFilter Manual? 0 Play Time 00:05:23 Cumulative 253.1 hours Start 2022.05.13 @ 03:07:36 End 2022.05.13 @ 03:12:53 Sessions 1 Manual Loads 0 Difficulty Rogue Special Mode None Game No. 374 Rogue 371 Adventurer 0 Explorer 3 Win Type - Total 9 Types 9/0/0/0/0/0/0/0/0 Lore% 71 Gallery% 75 Achievement% 63 Wizard Run 0 Options --------- ASCII 1 Keyboard 1 Movement Vi Keybinds 0 Fullscreen 1 Font 18/SmallcapsGlow Map View 76x50 Tactical HUD 1 Map Filters NONE Filters NONE Steam 1 RUN: 113763ac-0cad-45fd-9405-fbc07c51e72a